 Dungeon Crawl Stone Soup version 0.31-a0-636-ge1c0e020e0 (webtiles) character file.

Game seed: 834341155155785855

153 porpoise the Vexing (level 5, 0/35 HPs)
             Began as a Demonspawn Enchanter on Aug 26, 2023.
             Slain by an orc wizard
             ... wielding a +0 dagger
              (3 damage)
             ... on level 4 of the Dungeon on Aug 27, 2023.
             The game lasted 00:09:52 (3231 turns).

porpoise the Vexing (Demonspawn Enchanter)          Turns: 3231, Time: 00:09:53

Health: 0/35       AC:  2    Str:  8    XL:     5   Next: 12%
Magic:  3/9        EV: 12    Int: 18    God:
Gold:   84         SH:  4    Dex: 14    Spells: 5/10 levels left

rFire   . . .        a - +3 dagger (venom)
rCold   . . .        (no shield)
rNeg    . . .        w - +0 robe
rPois   .            (helmet restricted)
rElec   .            (no cloak)
rCorr   .            (no gloves)
SInv    .            (no boots)
Will    .....        (no amulet)
Stlth   ++           (no ring)
HPRegen 0.25/turn    (no ring)
MPRegen 0.11/turn

%: no passive effects
@: no status effects
A: horns 2, condensation shield
a: no special abilities


You were on level 4 of the Dungeon.
You visited 1 branch of the dungeon, and saw 4 of its levels.
You also visited: Sewer.

You collected 84 gold pieces.

Inventory:

Hand Weapons
 a - a +3 dagger of venom (weapon)
 b - a +0 sling
Missiles
 r - 5 boomerangs
Armour
 k - a scarf of shadows
 w - a +0 robe (worn)
Wands
 i - a wand of paralysis (7)
Scrolls
 d - a scroll of torment
 h - a scroll of fear {unknown}
 j - a scroll of immolation {unknown}
 l - a scroll of teleportation
 m - a scroll of revelation {unknown}
 p - a scroll of fog {unknown}
 q - a scroll of poison {unknown}
 s - 3 scrolls of noise
 t - a scroll of vulnerability {unknown}
 z - a scroll of blinking {unknown}
Potions
 c - 3 potions of invisibility
 e - a potion of attraction {unknown}
 f - 2 potions of brilliance
 g - 5 potions of curing
 n - a potion of degeneration {unknown}
 o - 2 potions of enlightenment
 u - 2 potions of haste {unknown}
 v - a potion of berserk rage {unknown}
 x - a potion of heal wounds {unknown}


   Skills:
 + Level 2.6 Short Blades
 - Level 1.8 Dodging
 - Level 2.7 Stealth
 - Level 3.0 Spellcasting
 + Level 3.4 Hexes
 + Level 2.1 Ice Magic


You had 5 spell levels left.
You knew the following spells:

 Your Spells              Type           Power      Damage    Failure   Level
a - Confusing Touch       Hex            15%        N/A       12%         3
e - Ensorcelled Hibernat  Hex/Ice        24%        N/A       8%          2

Your spell library contained the following spells:

 Spells                   Type           Power      Damage    Failure   Level
 Tukima's Dance           Hex            15%        N/A       12%         3
 Dazzling Flash           Conj/Hex       16%        N/A       24%         3
 Summon Forest            Summ/Tloc      1%         N/A       99%         5
 Eringya's Noxious Bog    Tmut/Pois      1%         4d6       100%        6
 Summon Hydra             Summ           1%         N/A       100%        7


Dungeon Overview and Level Annotations

Branches:
Dungeon (4/15)              Sewer (visited)
 Temple: D:4-7

Altars:
Nemelex Xobeh


Innate Abilities, Weirdness & Mutations

You have a pair of horns on your head.
A meltable shield of frost defends you. (SH +4)


Message History

Press: ? - help, Shift-Dir - straight line, f/p - hound
Aim: a hound (chance to affect: 54%)
The hound resists with significant effort.
The hound bites you but does no damage. The hound closely misses you.
Casting: Ensorcelled Hibernation (safe; 8% risk of failure)
Confirm with . or Enter, or press ? or * to list all spells.
Aiming: Ensorcelled Hibernation (safe; 8% risk of failure)
Press: ? - help, Shift-Dir - straight line, f/p - hound
Aim: a hound (chance to affect: 54%)
The hound looks drowsy...
You hear some strange, mumbled words.
A magic dart appears from out of thin air!
The magic dart hits you!
* * * LOW HITPOINT WARNING * * *
Your unstable footing causes you to fumble your attack.
The hound barks!
The hound barely misses you.
The orc splashes around in the water.
An endoplasm comes into view.
Something hits you.
* * * LOW HITPOINT WARNING * * *
The hound attacks as it pursues you! The hound misses you.
You block the hound's attack. The hound attacks as it pursues you!
The hound bites you but does no damage. x2
The orc attacks as it pursues you!
The orc splashes around in the water.
Something hits you but does no damage. The hound bites you.
* * * LOW HITPOINT WARNING * * *
There is a collapsed entrance here.
You barely miss something. Something completely misses you.
The hound stops to sniff the water.
The hound splashes around in the water.
You miss something.
The hound splashes around in the water.
Something hits you.
* * * LOW HITPOINT WARNING * * *
The orc misses you. The hound bites you.
* * * LOW HITPOINT WARNING * * *
You hit something. Your headbutt misses something.
An orc comes into view. It is wielding a +0 short sword.
The hound bites you.
* * * LOW HITPOINT WARNING * * *
Something hits you.
You die...

#...............#
#...............#
+.......÷)......#
#...#...#.......#
#. #~~~#††.....#
#~~~#<......#
#~~~#.......#
#~~~#.).....#
#~@~#....$..#
#h{o#.......#
#~~~#.......#
#~~~#.......#
#~J~#.......#
#.).#.......#
....o.......#
.......
..........


You could see a hound, 2 orcs and an endoplasm.

Vanquished Creatures
  A hell rat (Sewer)
  3 adders
  A river rat (Sewer)
  A worm (D:2)
  2 dart slugs
  2 orcs (D:4)
  A bat (D:2)
  5 endoplasms
  3 giant cockroaches
  4 goblins
  12 hobgoblins
  8 jackals
  3 kobolds
  8 quokkas
  6 ball pythons
  5 frilled lizards
  9 rats
74 creatures vanquished.

Notes
Turn   | Place    | Note
-------+----------+-------------------------------------------
     0 | D:1      | porpoise the Demonspawn Enchanter began the quest for the
                  | Orb.
     0 | D:1      | Reached XP level 1. HP: 13/13 MP: 3/3
   152 | D:1      | Reached skill level 1 in Short Blades
   363 | D:1      | Gained mutation: You have a pair of small horns on your
                  | head. [demonic ancestry]
   363 | D:1      | Reached XP level 2. HP: 8/19 MP: 5/5
   439 | D:1      | Learned a level 2 spell: Ensorcelled Hibernation
   829 | D:1      | Gained mutation: A meltable shield of frost defends you.
                  | (SH +4) [demonic ancestry]
   829 | D:1      | Reached XP level 3. HP: 24/24 MP: 6/6
   833 | D:1      | Learned a level 3 spell: Confusing Touch
  1248 | D:2      | Reached skill level 1 in Ice Magic
  1498 | D:2      | Found a sparkling altar of Nemelex Xobeh.
  2081 | D:2      | Gained mutation: You have a pair of horns on your head.
                  | [demonic ancestry]
  2081 | D:2      | Reached XP level 4. HP: 30/30 MP: 8/8
  2933 | D:4      | Found a glowing drain.
  3061 | Sewer    | Entered a sewer
  3118 | Sewer    | Reached XP level 5. HP: 24/35 MP: 9/9
  3231 | D:4      | Slain by an orc wizard

Illustrated notes

Levels and vault maps discovered:
D:1:      lemuel_arrival_behind_the_door_small, layout_loops_cross,
          serial_forest, infiniplex_forest_clump_tiny,
          infiniplex_forest_straight_3, infiniplex_forest_clump_curved,
          infiniplex_forest_clump_large, infiniplex_forest_side_room,
          infiniplex_forest_end_1, infiniplex_forest_straight_1,
          infiniplex_forest_join, infiniplex_forest_clump_curved, minivault_27
D:2:      layout_basic, basic_altar, minmay_misc_feat_room,
          guppyfry_early_lair_pool
D:3:      layout_loops_ring
D:4:      layout_gridville, nicolae_tso_besieged_by_evil, portal_sewer_entry_f,
          uniq_grinder, uniq_natasha, uniq_ijyb

Skill      XL: |  1  2  3  4 |
---------------+-------------+-----
Short Blades   | 1 2 |  2.6
Ice Magic      | 1 2 |  2.1
Spellcasting   | 3 |  3.0
Dodging        | |  1.8
Stealth        | |  2.7
Hexes          | |  3.4

Action                     |  1- 3 |  4- 6 || total
---------------------------+-------+-------++-------
  Melee: Dagger            |   139 |    84 ||   223
         Headbutt          |    18 |    22 ||    40
   Cast: Ensorcelled Hiber |     7 |     8 ||    15
         Confusing Touch   |       |     1 ||     1
    Use: Scroll            |       |     8 ||     8
   Stab: Sleeping          |    13 |     6 ||    19
 Armour: Robe              |    14 |    14 ||    28
  Dodge: Dodged            |    61 |    48 ||   109
  Block: Other             |     7 |    17 ||    24

Table legend: (Time is in decaauts)
 A = Elapsed time spent in this place.
 B = Non-inter-level travel time spent in this place.
 C = Inter-level travel time spent in this place.
 D = Time resting spent in this place.
 E = Time spent auto-exploring this place.
 F = Levels seen in this place.
 G = Mean time per level.
                   A        B        C        D        E       F      G
               +--------+--------+--------+--------+--------+-----+--------+
         Total |   3244 |   3173 |     71 |    699 |   1770 |   5 |  648.8 |
       Dungeon |   3085 |   3014 |     71 |    656 |   1755 |   4 |  771.2 |
         Sewer |    159 |    159 |      0 |     43 |     14 |   1 |  159.0 |
               +--------+--------+--------+--------+--------+-----+--------+

Top non-repeatable levels by time:
     D:1: 1151 daAuts
     D:2: 962 daAuts
     D:3: 820 daAuts
   Sewer: 159 daAuts
     D:4: 150 daAuts
